 Dungeon Crawl Stone Soup version 0.27-a0-1325-g58a489ad9e (webtiles) character file.

Game seed: 6010584477771473126

32 Nattfarinn the Chopper (level 3, -1/34 HPs)
             Began as a Deep Dwarf Berserker on June 24, 2021.
             Was a Follower of Trog.
             Slain by a hobgoblin (8 damage)
             ... on level 2 of the Dungeon.
             The game lasted 00:02:23 (822 turns).

Nattfarinn the Chopper (Deep Dwarf Berserker)        Turns: 822, Time: 00:02:24

Health: -1/34      AC:  2    Str: 21    XL:     3   Next: 8%
Magic:  3/3        EV: 12    Int:  7    God:    Trog [*.....]
Gold:   31         SH:  0    Dex: 12    Spells: 2/2 levels left

rFire    . . .     SeeInvis .   a - +0 hand axe
rCold    . . .     Faith    .   (no shield)
rNeg     . . .     Spirit   .   b - +0 animal skin
rPois    .         Reflect  .   (no helmet)
rElec    .         Harm     .   (no cloak)
rCorr    .         Rampage  .   (no gloves)
Will     .....                  (no boots)
Stlth    +.........             (no amulet)
HPRegen  0.00/turn              (no ring)
MPRegen  0.08/turn              (no ring)

@: on berserk cooldown, slowed, very slow
A: damage resistance, heal wounds, sense surroundings 1, no regeneration
a: Heal Wounds, Renounce Religion, Berserk


You were on level 2 of the Dungeon.
You worshipped Trog.
Trog was aware of your devotion.
You visited 1 branch of the dungeon, and saw 2 of its levels.

You collected 31 gold pieces.

Inventory:

Hand Weapons
 a - a +0 hand axe (weapon)
Armour
 b - a +0 animal skin (worn)
Scrolls
 c - a scroll of holy word {unknown}
 d - a scroll of fog {unknown}
Potions
 e - a potion of curing
 f - a potion of haste {unknown}


   Skills:
 * Level 3.2 Fighting
 + Level 3.6 Axes
 + Level 2.6 Armour
 + Level 2.6 Dodging


You had 2 spell levels left.
You didn't know any spells.
Your spell library was empty.

Dungeon Overview and Level Annotations

Branches:
Dungeon (2/15)

Altars:


Innate Abilities, Weirdness & Mutations

You are resistant to damage.
You can heal yourself by infusing magical energy.
You passively map a small area around you.
You do not regenerate.


Message History

You are exhausted.
You feel yourself slow down.
Things that are here:
a +0 dagger; a kobold corpse You start waiting.
You feel yourself speed up.
Things that are here:
a +0 dagger; a kobold corpse
f - a fizzy black potion You recover from your berserk rage.
A ball python comes into view.
You are too injured to fight recklessly!
A red film seems to cover your vision as you go berserk!
You feel yourself moving faster!
You feel mighty!
The ball python hisses angrily.
You feel a strong urge to attack something.
The ball python bites you. The ball python grabs you.
The ball python constricts you.
You slash the ball python!
You kill the ball python!
Trog accepts your kill.
You see here a ball python corpse.
Calm down first, please.
Calm down first, please.
You feel a strong urge to attack something.
You are no longer berserk.
You are exhausted.
You feel yourself slow down.
You see here a ball python corpse.
A hobgoblin comes into view. It is wielding a +0 quarterstaff.
A hobgoblin is nearby!
The hobgoblin shouts!
Found 12 gold pieces.
You closely miss the hobgoblin. The hobgoblin barely misses you.
You closely miss the hobgoblin. The hobgoblin barely misses you.
The hobgoblin completely misses you.
You closely miss the hobgoblin. The hobgoblin misses you.
The hobgoblin hits you with a +0 quarterstaff!
You die...

#.####.....####†###.###.#
#...#......#............#
..#.......##.##.##...####
#.#.≈≈≈....#.##....###
#.#.≈?≈......#####.#
....≈≈≈............# *
#...).......##.###.# **,
* ##.##...(..###.###.# *
, ...####...#)...g@..#* ,
+### #..#.>.#.###........
#+##.#...# #.######8 8 ,
##..### #.. * * ####*
*#.#. * *8 *,,...$# , *
,, , , #.# # * , , *#.. ,
, ,, ,, * , *


You could see a hobgoblin.

Vanquished Creatures
  An adder (D:2)
  5 endoplasms
  A giant cockroach (D:2)
  2 goblins (D:1)
  2 quokkas (D:1)
  3 ball pythons
  A bat (D:1)
  2 frilled lizards (D:1)
  5 kobolds
22 creatures vanquished.

Notes
Turn   | Place    | Note
-------+----------+-------------------------------------------
     0 | D:1      | Nattfarinn the Deep Dwarf Berserker began the quest for the
                  | Orb.
     0 | D:1      | Reached XP level 1. HP: 20/20 MP: 1/1
   164 | D:1      | Reached XP level 2. HP: 8/27 MP: 2/2
   208 | D:1      | Found a faded altar of an unknown god.
   697 | D:2      | Reached XP level 3. HP: 8/34 MP: 3/3
   822 | D:2      | Slain by a hobgoblin

Illustrated notes

Levels and vault maps discovered:
D:1:      wheals_arrival_shading, layout_basic,
          hellmonk_ecumenical_altar_blasted
D:2:      layout_loops_cross, serial_shops, nicolae_shop_behind_doors,
          nicolae_square_shop, nicolae_shop_overgrown_old_shop,
          nicolae_square_shop, st_stairs_6, corexii_corridor_pit,
          grunt_ministairs_14, dk_noncrumbling_4, hangedman_decor_points,
          corexii_item_surrounded_by_moat, corexii_hall_statues_i

Skill      XL: |  1  2 |
---------------+-------+-----
Fighting       | 3 |  3.2
Axes           | |  3.6
Armour         | |  2.6
Dodging        | |  2.6

Action                   || total
-------------------------++-------
Melee: Hand axe          ||    73
Invok: Berserk           ||     6
  Use: Potion            ||     1
 Stab: Sleeping          ||     1
Armor: Animal skin       ||    10
Dodge: Dodged            ||    35

Table legend: (Time is in decaauts)
 A = Elapsed time spent in this place.
 B = Non-inter-level travel time spent in this place.
 C = Inter-level travel time spent in this place.
 D = Time resting spent in this place.
 E = Time spent auto-exploring this place.
 F = Levels seen in this place.
 G = Mean time per level.
                   A        B        C        D        E       F      G
               +--------+--------+--------+--------+--------+-----+--------+
         Total |    900 |    888 |     12 |    134 |    569 |   2 |  450.0 |
       Dungeon |    900 |    888 |     12 |    134 |    569 |   2 |  450.0 |
               +--------+--------+--------+--------+--------+-----+--------+

Top non-repeatable levels by time:
     D:1: 623 daAuts
     D:2: 277 daAuts
